 Dungeon Crawl Stone Soup version 0.22-a0-587-g7d32d7c7ae (webtiles) character file.

23964 Melmoth the Impaler (level 12, -2/106 HPs)
             Began as a Minotaur Berserker on July 4, 2018.
             Was an Elder of Trog.
             Slain by a raiju (4 damage)
             ... on level 1 of the Abyss on July 5, 2018.
             The game lasted 03:01:29 (16130 turns).

Melmoth the Impaler (Minotaur Berserker)           Turns: 16130, Time: 03:01:31

Health: -2/106     AC: 25    Str: 26    XL:     12   Next: 76%
Magic:  11/11      EV: 14    Int:  9    God:    Trog [****..]
Gold:   1016       SH:  8    Dex: 11    Spells: 11/11 levels left

rFire    . . .     SeeInvis +   I - +6 spear of Amorality {pain, rN+ Int+5 Stlth+}
rCold    . . .     Gourm    +   z - +2 buckler {AC+3}
rNeg     + . .     Faith    .   G - +4 plate armour {rPois}
rPois    +         Spirit   .   (helmet restricted)
rElec    .         Reflect  .   a - +1 cloak
rCorr    .         Harm     .   (no gloves)
MR       .....                  N - +0 pair of boots
Stlth    ..........             J - amulet of the gourmand
HPRegen  0.27/turn              i - ring of see invisible
MPRegen  0.12/turn              q - +4 ring of evasion

@: berserk cooldown, very slightly contaminated, slowed, invisible, very slow
A: retaliatory headbutt, horns 2
a: Berserk, Trog's Hand, Brothers in Arms, Renounce Religion


You were on level 1 of the Abyss.
You worshipped Trog.
Trog was greatly pleased with you.
You were very full.

You visited 2 branches of the dungeon, and saw 13 of its levels.
You visited the Abyss 1 time.

You collected 1575 gold pieces.
You spent 559 gold pieces at shops.

Inventory:

Hand Weapons
 b - a +3 halberd of freezing
 B - a +2 fustibalus of flaming
 I - the +6 spear of Amorality (weapon) {pain, rN+ Int+5 Stlth+}
   (You took it off an orc on level 5 of the Dungeon)

   In the hands of one skilled in necromantic magic, it inflicts extra damage on
   living creatures.
   It affects your intelligence (+5).
   It protects you from negative energy.
   It makes you more stealthy.
Missiles
 r - 4 throwing nets (quivered)
 P - 3 needles of sleeping
Armour
 a - a +1 cloak (worn)
 z - a +2 buckler of protection (worn)
 G - a +4 plate armour of poison resistance (worn)
 N - a +0 pair of boots (worn)
Jewellery
 i - a ring of see invisible (left hand)
 o - an uncursed ring of ice
 q - a +4 ring of evasion (right hand)
 y - an uncursed ring of flight
 J - an amulet of the gourmand (around neck)
Wands
 k - a wand of disintegration (14)
 p - a wand of acid (7)
 H - a wand of polymorph (10)
 K - a wand of random effects (2)
 L - a wand of paralysis (14)
Scrolls
 d - a scroll of teleportation
 e - 6 scrolls of remove curse
 l - 2 scrolls of immolation
 n - a scroll of identify
 t - 2 scrolls of blinking
 u - 3 scrolls of enchant armour
 F - 2 scrolls of fog
 M - 2 scrolls of magic mapping {unknown}
 S - a scroll of vulnerability {unknown}
Potions
 f - 3 potions of berserk rage
 g - a potion of resistance {unknown}
 j - a potion of degeneration {unknown}
 m - a potion of haste
 s - 3 potions of curing
 v - 2 potions of agility
 x - a potion of heal wounds {unknown}
 C - a potion of lignification {unknown}
 D - a potion of brilliance {unknown}
 E - a potion of flight {unknown}
Miscellaneous
 h - a sack of spiders
Comestibles
 c - 16 rations
 w - 2 chunks of flesh


   Skills:
 - Level 10.0 Fighting
   Level 2.0 Short Blades
   Level 5.3(11.7) Axes
   Level 0.4(3.3) Maces & Flails
 - Level 15.7(16.0) Polearms
 + Level 6.4 Slings
 + Level 10.3 Armour
 - Level 6.8 Dodging
 - Level 9.5 Shields


You had 11 spell levels left.
You didn't know any spells.
Your spell library contained the following spells:

 Spells                   Type           Power        Failure   Level  Hunger
 Lightning Bolt           Conj/Air       #.........   100%        5    ######.
 Confuse                  Hex            #.......     100%        3    ####...
 Confusing Touch          Hex            #.....       98%         1    ##.....
 Metabolic Englaciation   Hex/Ice        #.........   100%        5    ######.
 Shatter                  Erth           #.........   100%        9    #######
 Static Discharge         Conj/Air       #.......     100%        3    ####...
 Petrify                  Tmut/Erth      #.......     100%        4    #####..
 Tornado                  Air            #.........   100%        9    #######
 Gell's Gravitas          Tloc           #.........   100%        3    ####...
 Yara's Violent Unravell  Hex/Tmut       #.........   100%        5    ######.
 Ignition                 Fire           #.........   100%        8    #######


Dungeon Overview and Level Annotations

Branches:
Dungeon (11/15)            Temple (0/1) D:5             Orc (2/2) D:10
    Elf (0/3) Orc:2
   Lair: D:8-11

Altars:
Cheibriados
Dithmenos
Gozag
Makhleb
Ru
Xom
Beogh

Shops:
D:7 [   D:10 *   Orc:2 %=}*

Annotations:
D:11 Sonja


Innate Abilities, Weirdness & Mutations

You reflexively headbutt those who attack you in melee.
You have a pair of horns on your head.


Message History

You feel strangely unstable.
You feel the power of the Abyss delaying your translocation!
The raiju bursts into living lightning!
The living lightning hits the sixfirhy.
The sixfirhy completely resists.
The living lightning hits you!
* * * LOW HITPOINT WARNING * * *
The raiju blinks!
The raiju bites you but does no damage.
A small abomination comes into view.
The sixfirhy closely misses you.
As you read the scroll of teleportation, it crumbles to dust.
You feel strangely stable.
The sixfirhy hits you but does no damage.
You block the sixfirhy's attack.
The sixfirhy hits you but does no damage.
The sixfirhy barely misses you. The sixfirhy misses you.
The raiju bursts into living lightning!
The living lightning hits the raiju.
The raiju completely resists.
The living lightning hits you!
The raiju blinks!
The raiju bites you but does no damage. The raiju bites you.
You die...

.. .....# #.# ...
#....### ..#
...###..#.. #3#
.!..#..§..####..
.x........#.#.#.#..
........§...$. ..#
.......3....#
≈....#.hh###.# .
###3@#..#.## # .
.#..h.###.# . ##
........## ## ...
......... #. #.#
.....h.).#### #.
....#...##..# # #
...###...O #.
.(.#....... # # ..
. ..## .# .


You could see 2 sixfirhies, 4 raiju and a small abomination (wandering).

Vanquished Creatures
  An orc warlord (Orc:2)
  An ettin (Orc:2)
  Fannar (D:11)
  2 two-headed ogres
  3 orc high priests (Orc:2)
  A sun demon (Abyss:1)
  Nergalle (D:11)
  Pikel (D:5)
  4 orc knights (Orc:2)
  3 ugly things
  3 orc sorcerers (Orc:2)
  A manticore (D:11)
  2 centaur zombies (D:11)
  A smoke demon (Abyss:1)
  A komodo dragon (D:9)
  The ghost of Fandomethor the Sneak, a novice OpMo (D:5)
  A merfolk (D:10)
  3 trolls
  3 hippogriffs
  2 vampires
  A wraith (Abyss:1)
  2 wyverns
  Edmund (D:6)
  3 wargs
  14 orc warriors
  3 water moccasins
  Duvessa (D:5)
  A sky beast (D:9)
  An ice beast (D:9)
  3 black bears
  A phantom (D:8)
  5 ogres
  9 centaurs
  2 crocodiles
  Blork the orc (D:4)
  2 big kobolds
  7 bullfrogs
  2 gnoll sergeants
  Dowan (D:5)
  3 scorpions
  13 wights
  5 killer bees (D:9)
  A howler monkey (D:5)
  3 crimson imps
  2 bullfrog zombies (D:11)
  3 jellies
  6 hounds
  12 orc priests
  26 orc wizards
  5 iguanas
  Ijyb (D:7)
  6 worker ants
  A howler monkey zombie (D:11)
  2 worker ant zombies (D:10)
  11 gnolls
  11 adders
  4 shadow imps
  3 adder zombies
  An adder skeleton (D:5)
  5 worms
  2 dart slugs (D:1)
  4 leopard geckos
  73 orcs
  9 bats
  3 giant cockroaches
  12 goblins
  2 hobgoblins
  2 jackals (D:3)
  10 kobolds
  7 quokkas
  3 ball pythons
  5 frilled lizards
  2 quokka skeletons
  3 rats
357 creatures vanquished.

Vanquished Creatures (collateral kills)
  A cyclops (Orc:2)
  A large abomination (Abyss:1)
  A hellion (Abyss:1)
  3 orc warriors (Orc:2)
  A quasit (Abyss:1)
  An orc wizard (Orc:2)
  3 orcs (Orc:2)
11 creatures vanquished.

Vanquished Creatures (others)
  A shadow wraith (Abyss:1)
  An orc priest (Orc:2)
  2 orc wizards
  A shadow imp (D:5)
  3 orcs
8 creatures vanquished.

Grand Total: 376 creatures vanquished

Notes
Turn   | Place    | Note
-------+----------+-------------------------------------------
     0 | D:1      | Melmoth the Minotaur Berserker began the quest for the Orb.
     0 | D:1      | Reached XP level 1. HP: 19/19 MP: 0/0
   174 | D:1      | Reached XP level 2. HP: 16/27 MP: 1/1
   971 | D:2      | Reached XP level 3. HP: 20/33 MP: 2/2
  1296 | D:2      | Found a faded altar of an unknown god.
  1531 | D:2      | Reached ** piety under Trog
  2202 | D:2      | Reached XP level 4. HP: 22/41 MP: 3/3
  3194 | D:3      | Reached skill level 1 in Short Blades
  3440 | D:3      | Reached skill level 1 in Polearms
  3458 | D:3      | Reached XP level 5. HP: 28/47 MP: 4/4
  4070 | D:4      | Noticed an ogre
  4118 | D:4      | Killed an ogre
  4118 | D:4      | Reached skill level 5 in Fighting
  4118 | D:4      | Reached skill level 5 in Axes
  4118 | D:4      | Reached skill level 2 in Polearms
  4118 | D:4      | Reached XP level 6. HP: 43/56 MP: 5/5
  4419 | D:4      | Reached skill level 3 in Polearms
  4756 | D:4      | Noticed Blork the orc
  4768 | D:4      | Killed Blork the orc
  4784 | D:4      | Reached skill level 4 in Polearms
  4784 | D:4      | Reached XP level 7. HP: 27/62 MP: 6/6
  5365 | D:5      | Entered Level 5 of the Dungeon
  5455 | D:5      | Found a staircase to the Ecumenical Temple.
  5585 | D:5      | Reached skill level 5 in Polearms
  5711 | D:5      | Noticed Pikel
  5724 | D:5      | Killed Pikel
  5724 | D:5      | Reached skill level 6 in Polearms
  5724 | D:5      | Reached skill level 5 in Armour
  5724 | D:5      | Reached skill level 5 in Dodging
  5724 | D:5      | Reached XP level 8. HP: 60/71 MP: 7/7
  5875 | D:5      | Noticed Duvessa
  5876 | D:5      | Noticed Dowan
  5888 | D:5      | Killed Duvessa
  5892 | D:5      | Killed Dowan
  5892 | D:5      | Reached *** piety under Trog
  5892 | D:5      | Reached skill level 7 in Polearms
  5943 | D:5      | Found a runed gate.
  5945 | D:5      | Found a runed gate.
  5946 | D:5      | Found a runed gate.
  5949 | D:5      | Noticed Fandomethor's ghost (novice OpMo)
  5972 | D:5      | Found a roughly hewn altar of Beogh.
  6004 | D:5      | Killed Fandomethor's ghost
  6019 | D:5      | Got a twisted spear {pain}
  6020 | D:5      | Identified the +6 spear of Amorality {pain, rN+ Int+5 Stlth+} (You took it off an orc on level 5 of the Dungeon)
  6417 | D:5      | Found a snail-covered altar of Cheibriados.
  6837 | D:6      | Found a sacrificial altar of Ru.
  6910 | D:6      | Reached XP level 9. HP: 71/79 MP: 8/8
  6953 | D:6      | Reached skill level 8 in Polearms
  7033 | D:6      | Noticed Edmund
  7053 | D:6      | Killed Edmund
  7318 | D:6      | Found a shimmering altar of Xom.
  7462 | D:6      | Reached skill level 9 in Polearms
  7744 | D:7      | Reached **** piety under Trog
  7919 | D:7      | Found Kumok's Armour Shop.
  8037 | D:7      | Bought a +2 buckler of protection for 279 gold pieces
  8190 | D:7      | Reached skill level 1 in Shields
  8196 | D:7      | Noticed Ijyb
  8229 | D:7      | Killed Ijyb
  8429 | D:7      | Reached skill level 10 in Polearms
  8729 | D:8      | Reached XP level 10. HP: 90/90 MP: 9/9
  9484 | D:9      | Found a shadowy altar of Dithmenos.
  9505 | D:9      | Found an opulent altar of Gozag.
  9521 | D:9      | Found a burning altar of Makhleb.
  9783 | D:9      | Noticed a red ugly thing
  9806 | D:9      | Killed a white ugly thing
  9806 | D:9      | Reached skill level 11 in Polearms
 10130 | D:9      | Noticed a two-headed ogre
 10147 | D:9      | Killed a two-headed ogre
 10156 | D:9      | Reached ***** piety under Trog
 10160 | D:9      | HP: 4/93 [komodo dragon (25)]
 10161 | D:9      | Reached skill level 5 in Shields
 10534 | D:9      | Reached skill level 10 in Fighting
 10549 | D:9      | Reached skill level 12 in Polearms
 11049 | D:9      | Reached XP level 11. HP: 99/99 MP: 10/10
 11412 | D:10     | Entered Level 10 of the Dungeon
 11412 | D:10     | Found Opuirr's Demolitions Depot.
 12168 | D:10     | Found a staircase to the Orcish Mines.
 12358 | D:10     | Noticed a two-headed ogre
 12372 | D:10     | Killed a two-headed ogre
 12372 | D:10     | Reached skill level 13 in Polearms
 12847 | Orc:1    | Entered Level 1 of the Orcish Mines
 13106 | Orc:1    | Received a gift from Trog
 13653 | Orc:2    | Entered Level 2 of the Orcish Mines
 13665 | Orc:2    | Noticed an ettin
 13678 | Orc:2    | Killed an ettin
 13809 | Orc:2    | Reached skill level 14 in Polearms
 13937 | Orc:2    | Noticed an orc knight
 13961 | Orc:2    | Killed an orc knight
 14131 | Orc:2    | Noticed an orc warlord
 14153 | Orc:2    | Killed an orc warlord
 14156 | Orc:2    | Received a gift from Trog
 14435 | Orc:2    | Reached skill level 15 in Polearms
 14675 | Orc:2    | Found a staircase to the Elven Halls.
 14772 | Orc:2    | Noticed an orc sorcerer
 14777 | Orc:2    | Noticed an orc knight
 14785 | Orc:2    | Killed an orc sorcerer
 14791 | Orc:2    | Killed an orc knight
 14791 | Orc:2    | Reached XP level 12. HP: 106/106 MP: 11/11
 14796 | Orc:2    | Noticed an orc high priest
 14810 | Orc:2    | Killed an orc high priest
 15002 | Orc:2    | Noticed an orc high priest
 15019 | Orc:2    | Killed an orc high priest
 15021 | Orc:2    | Noticed an orc high priest
 15043 | Orc:2    | Killed an orc high priest
 15043 | Orc:2    | Reached skill level 1 in Slings
 15305 | Orc:2    | Found Yfoif's Food Emporium.
 15305 | Orc:2    | Found Qotoefuys's General Store.
 15307 | Orc:2    | Found Jimikam's Jewellery Emporium.
 15307 | Orc:2    | Found Ubiexyobb's Gadget Shop.
 15330 | Orc:2    | Bought an uncursed ring of see invisible for 210 gold pieces
 15335 | Orc:2    | Bought a scroll of identify for 28 gold pieces
 15335 | Orc:2    | Bought a potion of curing for 42 gold pieces
 15723 | D:11     | Noticed Fannar
 15740 | D:11     | Killed Fannar
 15878 | D:11     | Noticed Nergalle
 15903 | D:11     | Killed Nergalle
 15903 | D:11     | Reached skill level 5 in Slings
 15944 | D:11     | Noticed Sonja
 15967 | D:11     | Cast into level 1 of the Abyss (Sonja)
 16033 | Abyss:1  | Reached skill level 10 in Armour
 16126 | Abyss:1  | HP: 5/106 [raiju/living lightning (2)]
 16129 | Abyss:1  | HP: 2/106 [raiju/living lightning (5)]
 16130 | Abyss:1  | Slain by a raiju

Vault maps used:
D:1:      wheals_arrival_shading
D:2:      chequers_ecumenical_altar_lobes, minmay_pentomino_u4
D:3:      minmay_misc_feat_pillars, grunt_ministairs_6, serial_bayou_pond_b
D:4:      minmay_diamond_boxcup, uniq_blork_the_orc
D:5:      cheibrodos_worm_habitat, temple_fountains, biasface_ghost_orc_armoury,
          first_ration, uniq_duvessa, uniq_pikel, uniq_ijyb
D:6:      kennysheep_mini, basic_altar, uniq_edmund
D:7:      nicolae_whirlpool, serial_shops, shop
D:9:      hangedman_cross_cluster, overflow_temple_1_default, minitemple
D:10:     david_orc_2, hangedman_fish_farm, nicolae_blasting_shop
D:11:     erik_lair_island, uniq_sonja, uniq_nergalle, uniq_fannar
Orc:1:    nicolae_orc_stony_grotto
Orc:2:    grunt_orc_tribal_feast

Skill      XL: |  1  2  3  4  5  6  7  8  9 10 11 12 |
---------------+-------------------------------------+-----
Fighting       | 4 5 6 7 8 10 | 10.0
Axes           | 4 5 |  5.3
Armour         | 3 4 5 6 7 10 | 10.3
Short Blades   | 1 2 |  2.0
Polearms       | 1 2 4 6 7 10 12 15 | 15.7
Dodging        | 3 5 6 |  6.8
Shields        | 1 5 9 |  9.5
Slings         | 6 |  6.4
Maces & Flails | |  0.4

Action                   |  1- 3 |  4- 6 |  7- 9 | 10-12 || total
-------------------------+-------+-------+-------+-------++-------
Melee: Hand axe          |    91 |       |       |       ||    91
       Headbutt          |    17 |     8 |    41 |   128 ||   194
       Halberd           |     2 |   116 |    68 |       ||   186
       Spear             |       |       |   236 |   816 ||  1052
       Dagger            |       |       |     4 |       ||     4
Throw: Throwing net      |     2 |     1 |       |     4 ||     7
Invok: Berserk           |       |       |       |     8 ||     8
       Brothers in Arms  |       |       |       |     6 ||     6
       Trog's Hand       |       |       |       |     1 ||     1
Evoke: Wand              |       |       |       |    15 ||    15
  Use: Scroll            |       |     4 |     9 |    12 ||    25
       Potion            |       |       |       |     5 ||     5
 Stab: Sleeping          |       |       |     5 |     3 ||     8
       Distracted        |       |       |     1 |       ||     1
       Held in net/web   |       |       |       |     1 ||     1
       Paralysed         |       |       |       |     3 ||     3
       Confused          |       |       |       |     1 ||     1
  Eat: Chunk             |     3 |     5 |     7 |    48 ||    63
       Ration            |       |     1 |     2 |       ||     3
Armor: Animal skin       |    12 |     3 |       |       ||    15
       Chain mail        |       |    11 |    14 |       ||    25
       Leather armour    |       |       |    31 |    37 ||    68
       Skin              |       |       |       |     2 ||     2
       Plate armour      |       |       |       |    54 ||    54
Dodge: Dodged            |    59 |    72 |   131 |   183 ||   445
Block: Buckler           |       |       |     6 |    98 ||   104

Table legend:
 A = Spawn XP
 B = Non-spawn XP
 C = Spawn XP percentage of total XP
 D = Spawn monster count
 E = Non-spawn monster count
 F = Spawn count percentage of total count
 G = Total turns spent on level
                    A         B        C        D         E        F      G
               +---------+---------+-------+---------+---------+-------+---------
         Total |    2421 |   31814 |   7.1 |       7 |     362 |   1.9 | 16130
               +---------+---------+-------+---------+---------+-------+---------
           D:1 |       0 |      35 |   0.0 |       0 |      19 |   0.0 |   994
           D:2 |       0 |      89 |   0.0 |       0 |      25 |   0.0 |  2098
           D:3 |       0 |      96 |   0.0 |       0 |      17 |   0.0 |  1055
           D:4 |       0 |     668 |   0.0 |       0 |      23 |   0.0 |  1218
           D:5 |       0 |    1823 |   0.0 |       0 |      25 |   0.0 |  1463
           D:6 |       0 |    1620 |   0.0 |       0 |      28 |   0.0 |   766
           D:7 |       0 |    1132 |   0.0 |       0 |      26 |   0.0 |  1081
           D:8 |       0 |    1191 |   0.0 |       0 |      19 |   0.0 |   780
           D:9 |       0 |    4652 |   0.0 |       0 |      44 |   0.0 |  1957
          D:10 |       0 |    2713 |   0.0 |       0 |      30 |   0.0 |  1654
          D:11 |       0 |    4688 |   0.0 |       0 |      20 |   0.0 |   248
         Orc:1 |       0 |     523 |   0.0 |       0 |      11 |   0.0 |   732
         Orc:2 |       0 |   12584 |   0.0 |       0 |      75 |   0.0 |  1921
       Abyss:1 |    2421 |       0 | 100.0 |       7 |       0 | 100.0 |   163
               +---------+---------+-------+---------+---------+-------+---------
